 Dungeon Crawl Stone Soup version 0.30-a0-576-g89cddaab80 (webtiles) character file.

Game seed: 8462794136890753748

51 kae the Insei (level 3, -1/39 HPs)
             Began as a Demonspawn Transmuter on Dec 30, 2022.
             Slain by Crazy Yiuf
             ... wielding a +3 quarterstaff of chaos
              (4 damage)
             ... on level 2 of the Dungeon.
             The game lasted 00:02:08 (1764 turns).

kae the Insei (Demonspawn Transmuter)               Turns: 1764, Time: 00:02:08

Health: -1/39      AC: 21    Str: 10    XL:     3   Next: 57%
Magic:  2/6        EV:  2    Int: 16    God:
Gold:   105        SH:  0    Dex: 13    Spells: 0/6 levels left

rFire   . . .      SeeInvis .      - Unarmed
rCold   . . .      Faith    .    (no shield)
rNeg    . . .      Spirit   .    (body armour currently unavailable)
rPois   +          Reflect  .    (helmet currently unavailable)
rElec   .          Harm     .    (cloak currently unavailable)
rCorr   .          Rampage  .    (gloves currently unavailable)
Will    .....      NoTele   +    (boots currently unavailable)
Stlth   +                        (no amulet)
HPRegen 0.26/turn                (no ring)
MPRegen 0.10/turn                (no ring)

@: confused, tree-form
A: stationary, stasis, torment immunity, boosted hp, foul stench 1
a: no special abilities


You were on level 2 of the Dungeon.
You were a tree.
You visited 1 branch of the dungeon, and saw 2 of its levels.

You collected 105 gold pieces.


Innate Abilities, Weirdness & Mutations

You are a tree.
Your roots penetrate the ground, keeping you stationary.
You cannot be teleported.
You are immune to unholy pain and torment.
Your maximum health is greatly increased.
Your equipment is partially melded.
You may rarely emit foul miasma when damaged in melee.


   Skills:
 - Level 1.0 Fighting
 - Level 1.7 Dodging
 + Level 3.1 Unarmed Combat
 + Level 2.4 Spellcasting
 * Level 2.7 Transmutations
 * Level 0.7 Poison Magic


You couldn't memorise any spells.
You knew the following spells:

 Your Spells              Type           Power      Damage    Failure   Level
a - Beastly Appendage     Tmut           20%        N/A       6%          1
b - Wereblood             Tmut           10%        N/A       10%         2
c - Spider Form           Tmut/Pois      7%         N/A       28%         3

Your spell library contained the following spells:

 Spells                   Type           Power      Damage    Failure   Level
 Passwall                 Tmut/Erth      5%         N/A       17%         2
 Sandblast                Erth           2%         2d4       21%         1
 Inner Flame              Hex/Fire       1%         N/A       52%         3
 Stone Arrow              Conj/Erth      2%         3d7       52%         3
 Ice Form                 Ice/Tmut       6%         N/A       73%         4
 Cause Fear               Hex            0%         N/A       89%         4
 Sticky Flame             Conj/Fire      1%         2d3       89%         4
 Yara's Violent Unravell  Hex/Tmut       3%         3d4       97%         5
 Fireball                 Conj/Fire      0%         3d3       99%         5
 Discord                  Hex            0%         N/A       100%        8

Inventory:

Missiles
 f - 6 boomerangs
 g - 25 stones
 h - 3 poisoned darts
Armour
 a - a +0 robe (melded)
 c - a +0 pair of gloves (melded)
   (You found it on level 1 of the Dungeon)
Scrolls
 e - 2 scrolls of teleportation {@r4}
 i - a scroll of vulnerability {unknown}
 k - a scroll of enchant armour {unknown}
Potions
 b - a potion of lignification {!q}
 d - a potion of flight {unknown}
 j - a potion of heal wounds {unknown}

Dungeon Overview and Level Annotations

Branches:
Dungeon (2/15) Zot: 10237

Altars:
Nemelex Xobeh

Annotations:
D:2 Crazy Yiuf

..####.....####....#
####.###...#
..###......# #'..'#
#....##..###
...#.......# ♣.♣..♣
#.#####.##
...........# ♣♣.P.♣
### ##...#
...........# ♣♣.♣♣
##....# ....#......#
♣♣.♣ #.....#
..###......# ♣.♣♣
###.....# .##
#......# ♣♣.♣
##.......# )#
#......# ♣♣♣♣
#..#..###### ##
#......# *#g#*
#........... .##
#......# *...*
#...........
..###......# #...#
#...........
...........# #)..#
#..>........
#.......#### #####
#...........
#.#......###
#...........
......##...### ###
#...........
##........#..# #.#
#...........


You could see Crazy Yiuf (extremely poisoned).


Message History

You miscast Beastly Appendage.
You are very lightly contaminated with residual magic.
Nothing appears to happen. 😎 MP[-1]
You lost 1 mp, and now have 5/6 mp.
The hobgoblin completely misses you.
You hit the hobgoblin but do no damage. The hobgoblin barely misses you.
You hit the hobgoblin. The hobgoblin barely misses you.
You hit the hobgoblin.
You kill the hobgoblin!
No target in view!
No target in view!
You now have 94 gold pieces (gained 8).
Your magical contamination has completely faded away.
Unknown command.
e - 2 scrolls of teleportation {@r4} (gained 1)
g - 25 stones (gained 2)
You now have 99 gold pieces (gained 5).
k - a scroll labelled JOAFAXZUTACS 😎 MP[+1]
Your mp is fully restored (6).
You now have 105 gold pieces (gained 6).
You see here a +0 whip.
Key pressed, stopping explore.
You open the door.
There is an open door here.
Partly explored, can't reach some places.
Partly explored, can't reach some places.
Partly explored, can't reach some places.
Partly explored, can't reach some places.
You hit the fungus.
The fungus begins to die.
Unknown command.
You hit the fungus.
The fungus begins to die.
A nearby fungus withers and dies.
You hit the fungus.
The fungus begins to die.
You hit the fungus.
The fungus begins to die.
You hit the fungus but do no damage.
Unknown command.
You hit the fungus. You hit the fungus but do no damage. You hit the fungus.
You hit the fungus.
A nearby fungus withers and dies.
You hit the fungus.
The fungus begins to die.
Crazy Yiuf shouts!
Crazy Yiuf cries, "Key!
Line disdain sing-song."
Casting: Beastly Appendage (safe; 6% risk of failure)
Confirm with . or Enter, or press ? or * to list all spells.
The spell is extremely dangerous to miscast (28% risk of failure)!
Continue anyway? [Y]es or [N]o only, please.
The spell is extremely dangerous to miscast (28% risk of failure)!
Continue anyway?
You miscast Spider Form.
You are very lightly contaminated with residual magic.
Nothing appears to happen.
Crazy Yiuf says, "Race horse koolooloo!" 😎 MP[-3]
You lost 3 mp, and now have 3/6 mp.
You start resting.
Crazy Yiuf grits, "Snurf childish sanguine!"
Crazy Yiuf says, "Liver!
Citrus Orb Guardian action."
Your magical contamination has completely faded away.
You start resting.
Crazy Yiuf yells, "Paint ragdoll ragdoll!" 😎 MP[+2]
You regained 2 mp, and now have 5/6 mp.
Unknown command.
Casting: Spider Form (extremely dangerous; 28% risk of failure)
Confirm with . or Enter, or press ? or * to list all spells.
The spell is extremely dangerous to miscast (28% risk of failure)!
Continue anyway? [Y]es or [N]o only, please.
The spell is extremely dangerous to miscast (28% risk of failure)!
Continue anyway?
You turn into a venomous arachnid creature.
Your +0 pair of gloves melds into your body.
Your +0 robe melds into your body. 😎 MP[-3]
You lost 3 mp, and now have 2/6 mp.
You open the door. You hit Crazy Yiuf but do no damage.
Crazy Yiuf is poisoned.
Crazy Yiuf hits you with a +3 quarterstaff of chaos! 😮 HP[-12]
You take 12 damage, and now have 14/26 hp.
MASSIVE DAMAGE!! (PAUSE)
You hit Crazy Yiuf.
Crazy Yiuf looks even sicker.
Crazy Yiuf completely misses you. 😮 HP[+1]
You hit Crazy Yiuf.
Crazy Yiuf looks as sick as possible!
Crazy Yiuf hits you with a +3 quarterstaff of chaos!
Ouch! That really hurt!
* * * LOW HITPOINT WARNING * * *
You are confused. 😱 HP[-13]
You take 13 damage, and now have 2/26 hp.
MASSIVE DAMAGE!! (PAUSE) Really quaff
b - 2 potions of lignification {!q}?
Really quaff the potion of lignification?
Your transformation has ended.
Your +0 pair of gloves unmelds from your body.
Your +0 robe unmelds from your body.
You turn into a tree.
Your +0 pair of gloves melds into your body.
Your +0 robe melds into your body.
Your roots penetrate the ground.
Crazy Yiuf hits you with a +3 quarterstaff of chaos.
You die...

Skill      XL: |  1  2 |
---------------+-------+-----
Transmutations | 2 |  2.7
Unarmed Combat | 3 |  3.1
Fighting       | |  1.0
Dodging        | |  1.7
Spellcasting   | |  2.4
Poison Magic   | |  0.7

Action                   || total
-------------------------++-------
Melee: Unarmed           ||    73
       Kick              ||    13
       Headbutt          ||     6
 Cast: Beastly Appendage ||    13
       Spider Form       ||     2
  Use: Scroll            ||     4
       Potion            ||     1
Armor: Robe              ||    16
Dodge: Dodged            ||    45

Levels and vault maps discovered:
D:1:      dpeg_arrival_lava_altar, layout_basic, nicolae_hexahallways,
          nicolae_grassy_gnolls
D:2:      layout_rooms, skrybe_limestone_x, uniq_crazy_yiuf_cottage

Notes
Turn   | Place    | Note
-------+----------+-------------------------------------------
     0 | D:1      | kae the Demonspawn Transmuter began the quest for the Orb.
     0 | D:1      | Reached XP level 1. HP: 15/15 MP: 3/3
     0 | D:1      | magus.rc [v1.11.3]
   136 | D:1      | Reached skill level 2 in Transmutations
   193 | D:1      | You pick up a book of Hexes and begin reading...
   193 | D:1      | You add the spells Inner Flame, Cause Fear and Discord to
                  | your library.
   206 | D:1      | Gained mutation: You may rarely emit foul miasma when
                  | damaged in melee. [demonic ancestry]
   206 | D:1      | Reached XP level 2. HP: 21/21 MP: 3/5
   375 | D:1      | You pick up a book of Geomancy and begin reading...
   375 | D:1      | You add the spells Sandblast, Passwall and Stone Arrow to
                  | your library.
   430 | D:1      | Learned a level 2 spell: Wereblood
   822 | D:1      | Found a sparkling altar of Nemelex Xobeh.
   931 | D:2      | Reached skill level 3 in Unarmed Combat
  1045 | D:2      | Reached XP level 3. HP: 20/26 MP: 4/6
  1164 | D:1      | Learned a level 3 spell: Spider Form
  1538 | D:2      | You add the spells Sticky Flame, Fireball and Yara's
                  | Violent Unravelling to your library.
  1538 | D:2      | Got the Tome of Neurosis
  1732 | D:2      | Found a runed translucent door.
  1736 | D:2      | Noticed Crazy Yiuf
  1763 | D:2      | HP: 2/26 [Crazy Yiuf/+3 quarterstaff of chaos (13)]
  1764 | D:2      | Slain by Crazy Yiuf

Vanquished Creatures
  A gnoll (D:1)
  2 adders (D:2)
  3 ball pythons (D:1)
  An endoplasm (D:2)
  2 goblins (D:1)
  4 hobgoblins
  2 jackals (D:1)
  2 quokkas
  2 bats (D:1)
  A frilled lizard (D:1)
  2 rats (D:2)
22 creatures vanquished.

Vanquished Creatures (others)
  5 fungi (D:2)
  3 plants (D:1)
8 creatures vanquished.

Grand Total: 30 creatures vanquished

Table legend:
 A = Non-vault XP
 B = Vault XP
 C = Vault XP percentage of total XP
 D = Non-vault monster count
 E = Vault monster count
 F = Vault count percentage of total count
                 A         B        C        D         E       F
            +---------+---------+-------+---------+---------+-------
      Total |      59 |      14 |  19.2 |      21 |       1 |   4.5
            +---------+---------+-------+---------+---------+-------
        D:1 |      22 |      14 |  38.9 |      13 |       1 |   7.1
        D:2 |      37 |       0 |   0.0 |       8 |       0 |   0.0
            +---------+---------+-------+---------+---------+-------

Illustrated notes

Table legend:
 A = Kills in this place as a percentage of kills in entire the game.
 B = Kills by you in this place as a percentage of kills by you in the entire game.
 C = Kills by friends in this place as a percentage of kills by friends in the entire game.
 D = Other kills in this place as a percentage of other kills in the entire game.
 E = Experience gained in this place as a percentage of experience gained in the entire game.
 F = Experience gained in this place divided by the number of levels of this place that you have seen.
                   A       B       C       D       E      F
               +-------+-------+-------+-------+-------+----------------------
         Total | 100.0 | 100.0 |   N/A |   N/A | 100.0 |  36.5
       Dungeon | 100.0 | 100.0 |   N/A |   N/A | 100.0 |  36.5
               +-------+-------+-------+-------+-------+----------------------

Table legend: (Time is in decaauts)
 A = Elapsed time spent in this place.
 B = Non-inter-level travel time spent in this place.
 C = Inter-level travel time spent in this place.
 D = Time resting spent in this place.
 E = Time spent auto-exploring this place.
 F = Levels seen in this place.
 G = Mean time per level.
                   A        B        C        D        E       F      G
               +--------+--------+--------+--------+--------+-----+--------+
         Total |   1761 |   1626 |    135 |     64 |   1332 |   2 |  880.5 |
       Dungeon |   1761 |   1626 |    135 |     64 |   1332 |   2 |  880.5 |
               +--------+--------+--------+--------+--------+-----+--------+

Top non-repeatable levels by time:
     D:1: 1127 daAuts
     D:2: 633 daAuts
